 Dungeon Crawl Stone Soup version 0.13.0-18-g7b03ea5 (webtiles) character file.

345 heavysmoker the Cutter (level 5, 0/34 HPs)
             Began as a Halfling Warper on Oct 23, 2013.
             Slain by Duvessa
             ... wielding a +1,+1 elven sabre of venom
              (5 damage)
             ... on Level 4 of the Dungeon.
             The game lasted 00:15:40 (2357 turns).

heavysmoker the Cutter (Halfling Warper)            Turns: 2357, Time: 00:15:40

HP   0/34        AC  3     Str  8      XL: 5   Next: 36%
MP   6/6         EV 16     Int 14      God:
Gold 215         SH  0     Dex 16      Spells:  3 memorised,  2 levels left

Res.Fire  : . . .   See Invis. : .   C - -1,+2 orc falchion (holy)
Res.Cold  : . . .   Warding    : .   D - +0 animal skin
Life Prot.: . . .   Conserve   : .   (no shield)
Res.Poison: .       Res.Corr.  : .   (no helmet)
Res.Elec. : .       Clarity    : .   (no cloak)
Sust.Abil.: . .     Spirit.Shd : .   v - +0 pair of gauntlets
Res.Mut.  : .       Stasis     : .   (no boots)
Res.Rott. : .       Flight     : .   (no amulet)
Saprovore : . . .                    (no ring)
                                     (no ring)

@: very poisoned, slightly resistant to hostile enchantments, unstealthy
A: mutation resistance 1, slow metabolism 1
a: no special abilities


You were on level 4 of the Dungeon.
You were hungry.

You visited 1 branch of the dungeon, and saw 5 of its levels.

You collected 165 gold pieces.

Inventory:

Hand weapons
 a - a +0,+0 short sword
 C - a -1,+2 orcish falchion of holy wrath (weapon)
Missiles
 e - 19 darts (quivered)
 f - 4 darts of dispersal
 h - 89 stones
 l - a poisoned dart
 p - 43 poisoned needles
 w - 3 needles of slowing
Armour
 v - a +0 pair of gauntlets (worn)
 D - a +0 animal skin (worn)
Magical devices
 b - a wand of confusion (0)
Comestibles
 g - 3 bread rations
 m - a meat ration
 F - a rotting chunk of worm flesh
 G - 10 grapes
Scrolls
 d - a scroll of blinking
 j - a scroll of enchant armour {unknown}
 k - 2 scrolls of amnesia {unknown}
 n - a scroll of curse armour {unknown}
 q - 2 scrolls of random uselessness {unknown}
 r - a scroll of teleportation {unknown}
 t - a scroll of recharging {unknown}
 x - a scroll of enchant weapon I {unknown}
 y - 4 scrolls of identify {unknown}
 z - a scroll of noise {unknown}
 A - a scroll of remove curse {unknown}
Potions
 i - a potion of heal wounds {unknown}
 o - 3 potions of curing {unknown}
 s - a potion of might {unknown}
 u - 2 potions of brilliance {unknown}
 B - a potion of magic {unknown}
Books
 c - a book of Spatial Translocations

   Spells                             Type                      Level
   *Apportation                       Translocation                1
   Portal Projectile                  Translocation                2
   *Blink                             Translocation                2
   *Shroud of Golubria                Charms/Translocation         2
   Teleport Other                     Translocation                3
   Passage of Golubria                Translocation                4


   Skills:
 - Level 1.7 Fighting
 - Level 5.9 Short Blades
 + Level 2.3 Long Blades
 - Level 1.3 Throwing
 - Level 0.7 Armour
 - Level 3.1 Dodging
 - Level 1.5 Spellcasting
 - Level 3.2 Translocations


You had 2 spell levels left.
You knew the following spells:

 Your Spells              Type           Power        Failure   Level  Hunger
a - Apportation           Tloc           ##........   10%         1    ##.....
b - Shroud of Golubria    Chrm/Tloc      #.........   21%         2    ###....
c - Blink                 Tloc           N/A          12%         2    ###....


Dungeon Overview and Level Annotations

Branches:
Dungeon (5/27)
 Temple: D:4-7

Altars:

Annotations:
D:2 Terence
D:4 Dowan, Duvessa


Innate Abilities, Weirdness & Mutations

You are small and have problems with some larger weapons.
You are somewhat resistant to further mutation.
You have a slow metabolism.


Message History

Zapping:
b - a wand of confusion {zapped: 5}
Press: ? - help, Shift-Dir - straight line, f/p - Duvessa
Aim: Duvessa, wielding an elven sabre of venom and wearing an elven leather armour (moving very quickly) Duvessa easily resists.
Duvessa completely misses you. Duvessa closely misses you.
Zapping:
b - a wand of confusion {zapped: 6}
Press: ? - help, Shift-Dir - straight line, f/p - Duvessa
Aim: Duvessa, wielding an elven sabre of venom and wearing an elven leather armour (moving very quickly) Duvessa resists with some effort.
You feel sick.
The crimson imp blinks!
Duvessa hits you with an elven sabre of venom.
You are more poisoned.
Zapping:
b - a wand of confusion {zapped: 7}
Press: ? - help, Shift-Dir - straight line, f/p - Duvessa
Aim: Duvessa, wielding an elven sabre of venom and wearing an elven leather armour (moving very quickly) Duvessa resists with some effort.
You feel sick.
Duvessa hits you with an elven sabre of venom!
* * * LOW HITPOINT WARNING * * *
You are more poisoned.
Duvessa hits you with an elven sabre of venom.
You die...

######### #.......#
########.#####.#
#...ee@..#####.#
#.#####..##....#
#.##........#..#######
#.##.##..####........#
#e##.##........#####.#
#..>.e..######## #.#
####.#### #.#
#.......# #....
#.##.##.# #....


You could see Duvessa and Dowan.

Vanquished Creatures
  Ijyb (D:2)
  3 adders
  3 worms
  2 giant geckos (D:2)
  An ooze (D:3)
  2 orcs (D:3)
  5 bats
  7 goblins
  9 hobgoblins
  10 jackals
  2 ball pythons
  2 giant cockroaches
  2 giant newts (D:1)
  4 kobolds
  9 rats
62 creatures vanquished.

Notes
Turn   | Place    | Note
--------------------------------------------------------------
     0 | D:1      | heavysmoker, the Halfling Warper, began the quest for the Orb.
     0 | D:1      | Reached XP level 1. HP: 13/13 MP: 1/1
   338 | D:1      | Reached XP level 2. HP: 16/18 MP: 2/2
   342 | D:1      | Learned a level 2 spell: Shroud of Golubria
   513 | D:1      | Reached skill level 4 in Short Blades
   782 | D:2      | Reached XP level 3. HP: 21/23 MP: 4/4
   816 | D:2      | Learned a level 2 spell: Blink
  1022 | D:2      | Noticed Ijyb
  1078 | D:2      | Killed Ijyb
  1078 | D:2      | Reached skill level 5 in Short Blades
  1078 | D:2      | Reached XP level 4. HP: 6/28 MP: 0/5
  1354 | D:2      | Noticed Terence
  2002 | D:3      | Reached XP level 5. HP: 34/34 MP: 6/6
  2075 | D:3      | Reached skill level 1 in Long Blades
  2300 | D:4      | Noticed Duvessa
  2300 | D:4      | Noticed Dowan
  2321 | D:5      | Entered Level 5 of the Dungeon
  2330 | D:5      | Noticed an ogre
  2335 | D:5      | Noticed a centaur
  2357 | D:4      | Slain by Duvessa

Action                   |  1- 3 |  4- 6 || total
-------------------------+-------+-------++-------
Melee: Short sword       |   171 |   166 ||   337
       Falchion          |       |     6 ||     6
Throw: Dart              |    34 |    98 ||   132
 Cast: Shroud of Golubri |     4 |    11 ||    15
       Blink             |       |     1 ||     1
Evoke: Wand              |       |     8 ||     8
 Stab: Sleeping          |     1 |       ||     1
       Confused          |       |     1 ||     1
